 Dungeon Crawl Stone Soup version 0.28-a0-804-g60983d4ba9 (webtiles) character file.

Game seed: 15462715776028269835

44 iamoutofideas the Firebug (level 3, 22/25 HPs)
             Began as a Demonspawn Fire Elementalist on Nov 8, 2021.
             Quit the game on level 2 of the Dungeon.
             The game lasted 00:01:16 (1872 turns).

iamoutofideas the Firebug (DsFE)                    Turns: 1872, Time: 00:01:17

Health: 22/25      AC:  4    Str:  8    XL:     3   Next: 41%
Magic:  1/6        EV: 12    Int: 17    God:
Gold:   69         SH:  0    Dex: 13    Spells: 5/6 levels left

rFire   . . .      SeeInvis .   (no weapon)
rCold   . . .      Faith    .   (no shield)
rNeg    . . .      Spirit   .   a - +0 robe
rPois   .          Reflect  .   f - +2 hat
rElec   .          Harm     .   (no cloak)
rCorr   .          Rampage  .   (no gloves)
Will    .....                   (no boots)
Stlth   ++........              (no amulet)
HPRegen 0.08/turn               (no ring)
MPRegen 0.10/turn               (no ring)

@: very slightly contaminated
A: spiny 1, sanguine armour 1
a: no special abilities


You were on level 2 of the Dungeon.
You visited 1 branch of the dungeon, and saw 2 of its levels.

You collected 69 gold pieces.

Inventory:

Armour
 a - a +0 robe (worn)
 f - a +2 hat (worn)
Scrolls
 b - a scroll of identify {unknown}
 d - a scroll of amnesia {unknown}
 e - a scroll of blinking {unknown}
 g - 2 scrolls of summoning {unknown}
Potions
 c - a potion of cancellation {unknown}


   Skills:
 + Level 0.8 Fighting
 + Level 2.1 Dodging
 + Level 1.7 Stealth
 + Level 2.3 Spellcasting
 + Level 1.2 Conjurations
 + Level 3.4 Fire Magic


You had 5 spell levels left.
You knew the following spells:

 Your Spells              Type           Power      Damage    Failure   Level
a - Foxfire               Conj/Fire      36%        2x1d5     7%          1

Your spell library contained the following spells:

 Spells                   Type           Power      Damage    Failure   Level
 Scorch                   Fire           26%        2d6       7%          2
 Conjure Flame            Conj/Fire      9%         6-21      22%         3
 Inner Flame              Hex/Fire       7%         N/A       28%         3
 Flame Wave               Conj/Fire      9%         3d4       56%         4


Dungeon Overview and Level Annotations

Branches:
Dungeon (2/15)

Altars:


Innate Abilities, Weirdness & Mutations

You are partially covered in sharp spines.
When seriously injured, your bleeding wounds create armour. (AC +0)


Message History

The endoplasm is almost dead.
The foxfire hits the endoplasm.
You kill the endoplasm!
Unknown command.
Casting: Foxfire (safe; 7% risk of failure)
Confirm with . or Enter, or press ? or * to list all spells.
You miscast Foxfire.
Nothing appears to happen.
Unknown command.
Casting: Foxfire (safe; 7% risk of failure)
Confirm with . or Enter, or press ? or * to list all spells.
You conjure some foxfire!
The foxfire hits the hobgoblin but does no damage.
The foxfire hits the hobgoblin.
The hobgoblin is lightly wounded.
Unknown command.
Casting: Foxfire (safe; 7% risk of failure)
Confirm with . or Enter, or press ? or * to list all spells.
You don't have enough magic to cast this spell.
Unknown command.
Casting: Foxfire (safe; 7% risk of failure)
Confirm with . or Enter, or press ? or * to list all spells.
You don't have enough magic to cast this spell.
Unknown command.
Casting: Foxfire (safe; 7% risk of failure)
Confirm with . or Enter, or press ? or * to list all spells.
You don't have enough magic to cast this spell.
The foxfire hits the hobgoblin.
The hobgoblin is severely wounded.
The foxfire hits the hobgoblin.
You kill the hobgoblin!
An endoplasm comes into view.
The endoplasm quivers.
The hobgoblin is struck by your spines. The hobgoblin misses you.
You closely miss the hobgoblin.
The hobgoblin is lightly wounded.
The hobgoblin barely misses you.
You hit the hobgoblin but do no damage.
The hobgoblin is lightly wounded.
The hobgoblin hits you.
Are you sure you want to abandon this character and quit the game? (Confirm with "yes".)

.....###############
....................
.....######†...####
....<+.........+
.....######..).#
.....# ........+
.....# ####....#
###.##
#...)#+###+### .##.#
###...@.......
.##+##. +....g......
....... #.†.........
.......
........J....
.......
###...........
......# ............
......#
.............
......#
...#.....#####
......#


You could see an endoplasm and a hobgoblin.

Vanquished Creatures
  An adder (D:2)
  2 bats (D:1)
  4 endoplasms
  4 giant cockroaches (D:1)
  3 goblins
  5 hobgoblins
  2 quokkas
  A ball python (D:1)
  4 frilled lizards (D:1)
  2 kobolds (D:1)
  4 rats
32 creatures vanquished.

Vanquished Creatures (others)
  111 foxfires
111 creatures vanquished.

Grand Total: 143 creatures vanquished

Notes
Turn   | Place    | Note
-------+----------+-------------------------------------------
     0 | D:1      | iamoutofideas the Demonspawn Fire Elementalist began the
                  | quest for the Orb.
     0 | D:1      | Reached XP level 1. HP: 13/13 MP: 3/3
   448 | D:1      | Reached skill level 3 in Fire Magic
   448 | D:1      | Gained mutation: You are partially covered in sharp spines.
                  | [demonic ancestry]
   448 | D:1      | Reached XP level 2. HP: 19/19 MP: 3/5
   937 | D:1      | Found a faded altar of an unknown god.
  1594 | D:2      | Gained mutation: When seriously injured, your bleeding
                  | wounds create armour. (AC +0) [demonic ancestry]
  1594 | D:2      | Reached XP level 3. HP: 24/24 MP: 2/6
  1872 | D:2      | Quit the game

Illustrated notes

Levels and vault maps discovered:
D:1:      scummos_arrival_simple_crosswalls, layout_loops_ring,
          ebering_ecumenical_altar_box
D:2:      layout_basic, basic_altar

Skill      XL: |  1  2 |
---------------+-------+-----
Fire Magic     | 3 |  3.4
Dodging        | 2 |  2.1
Fighting       | |  0.8
Stealth        | |  1.7
Spellcasting   | |  2.3
Conjurations   | |  1.2

Action                   || total
-------------------------++-------
Melee: Unarmed           ||    38
 Cast: Foxfire           ||    75
Armor: Robe              ||    13
Dodge: Dodged            ||    27

Table legend: (Time is in decaauts)
 A = Elapsed time spent in this place.
 B = Non-inter-level travel time spent in this place.
 C = Inter-level travel time spent in this place.
 D = Time resting spent in this place.
 E = Time spent auto-exploring this place.
 F = Levels seen in this place.
 G = Mean time per level.
                   A        B        C        D        E       F      G
               +--------+--------+--------+--------+--------+-----+--------+
         Total |   1871 |   1803 |     68 |    158 |   1368 |   2 |  935.5 |
       Dungeon |   1871 |   1803 |     68 |    158 |   1368 |   2 |  935.5 |
               +--------+--------+--------+--------+--------+-----+--------+

Top non-repeatable levels by time:
     D:1: 1549 daAuts
     D:2: 322 daAuts
